 Dungeon Crawl Stone Soup version 0.10.0-14-ga75c42d character file.

133 chillax the Sneak (level 3, 0/23 HPs)
             Began as a Halfling Assassin on Feb 27, 2012.
             Slain by a jackal (2 damage)
             ... on Level 4 of the Dungeon.
             The game lasted 00:03:09 (1405 turns).

chillax the Sneak (Halfling Assassin)               Turns: 1405, Time: 00:03:09

HP   0/23        AC  3     Str  8      XL: 3   Next: 65%
MP   2/2         EV 14     Int 11      God:
Gold 95          SH  0     Dex 18      Spells:  0 memorised,  2 levels left

Res.Fire  : . . .   See Invis. : .   a - +3,+2 dagger {=f}
Res.Cold  : . . .   Warding    : . . c - +0 robe
Life Prot.: . . .   Conserve   : .   (no shield)
Res.Acid. : . . .   Res.Corr.  : .   (no helmet)
Res.Poison: .       Clarity    : .   d - +0 cloak
Res.Elec. : .       Spirit.Shd : .   (no gloves)
Sust.Abil.: . .     Stasis     : .   (no boots)
Res.Mut.  : .       Ctrl.Telep.: .   (no amulet)
Res.Rott. : .       Levitation : .   (no ring)
Saprovore : . . .   Ctrl.Flight: .   (no ring)

@: not resistant to hostile enchantments, quite stealthy
A: mutation resistance 1, slow metabolism 1
a: no special abilities


You were on level 4 of the Dungeon.
You were not hungry.

You visited 1 branch of the dungeon, and saw 3 of its levels.

You collected 45 gold pieces.

Inventory:

Hand weapons
 a - a +3,+2 dagger (weapon) {=f}
 b - a +0 blowgun
Missiles
 e - 8 poisoned +0 needles
 f - 3 curare-tipped +0 needles
Armour
 c - a +0 robe (worn)
 d - a +0 cloak (worn)
Comestibles
 g - 2 bread rations
 i - a pear
 t - an apple
Scrolls
 j - 2 scrolls of curse weapon {unknown}
 k - 3 scrolls of remove curse {unknown}
 m - a scroll of random uselessness {unknown}
 n - a scroll of enchant weapon I
 o - a scroll of identify {unknown}
 s - a scroll of detect curse {unknown}
 v - 2 scrolls of teleportation {unknown}
Jewellery
 h - an uncursed amulet of resist mutation {unknown}
 l - an uncursed ring of see invisible {unknown}
 p - an uncursed ring of regeneration {unknown}
 u - an uncursed ring of see invisible {unknown}
Potions
 q - a potion of slowing {unknown}
 r - a potion of agility {unknown}


   Skills:
 + Level 2,2 Fighting
 + Level 3,2 Short Blades
 + Level 3,1 Throwing
 + Level 1,5 Dodging
 + Level 5,0 Stealth
 + Level 3,0 Stabbing


You had 2 spell levels left.
You didn't know any spells.

Dungeon Overview and Level Annotations

Branches:
Dungeon (4/27)
 Temple: D:4-7

Altars:
Nemelex Xobeh


Innate Abilities, Weirdness & Mutations

You are small and have problems with some larger weapons.
You are somewhat resistant to further mutation.
You have a slow metabolism.


Message History

The jackal bites you. The jackal closely misses you.
The orc hits you but does no damage.
A rat comes into view.
You closely miss the orc.
The orc is moderately wounded.
The rat completely misses you.
The rat moves out of view.
The jackal bites you.
* * * LOW HITPOINT WARNING * * *
The jackal closely misses you. The orc hits you with an orcish flail.
* * * LOW HITPOINT WARNING * * *
Unknown command.
Eat which item? (? for menu, Esc to quit)
Okay, then.
Unknown command.
Read which item? (? for menu, Esc to quit)
As you read the scroll labeled ICRUEPNYEBB, it crumbles to dust.
Your +2,+2 dagger {=f} glows green for a moment.
It was a scroll of enchant weapon I.
The rat closely misses you. The jackal bites you.
You die...

### .......#
........#
#........#
.......!..#
#........#
#...$....#
#....oho.#
.#..5.h@o.#
.......r...#
.K##.######
.. ... .


You could see a crimson imp, 3 orcs, 2 jackals, a kobold (wandering) and a rat.

Vanquished Creatures
  A worm (D:2)
  An ooze (D:2)
  An orc (D:4)
  A giant cockroach (D:1)
  3 goblins
  5 hobgoblins (D:1)
  2 kobolds (D:1)
  A ball python (D:1)
  7 bats
  2 giant newts
  7 rats
31 creatures vanquished.

Notes
Turn   | Place    | Note
--------------------------------------------------------------
     0 | D:1      | chillax, the Halfling Assassin, began the quest for the Orb.
     0 | D:1      | Reached XP level 1. HP: 13/13 MP: 0/0
   250 | D:1      | Reached XP level 2. HP: 18/18 MP: 1/1
   751 | D:1      | Found a sparkling altar of Nemelex Xobeh.
   854 | D:1      | Reached XP level 3. HP: 23/23 MP: 2/2
  1121 | D:2      | Reached skill level 5 in Stealth
  1396 | D:2      | You fall through a shaft!
  1405 | D:4      | Slain by a jackal
